 Dungeon Crawl Stone Soup version 0.20.1-1-g8b1a95d66d (webtiles) character file.

84 Gargoyl the Skirmisher (level 4, 0/40 HPs)
             Began as a Centaur Abyssal Knight on Dec 6, 2017.
             Was a Follower of Lugonu.
             Killed from afar by Natasha (6 damage)
             ... with a wand of flame (?/48)
             ... on level 2 of the Dungeon.
             The game lasted 00:03:45 (1924 turns).

Gargoyl the Skirmisher (Centaur Abyssal Knight)     Turns: 1924, Time: 00:03:46

Health: 0/40       AC:  9    Str: 19    XL:     4   Next: 23%
Magic:  0/5        EV:  3    Int: 11    God:    Lugonu [*.....]
Gold:   78         SH:  0    Dex: 10    Spells: 3/3 levels left

rFire    . . .     SeeInvis .   a - +2 hand axe
rCold    . . .     Gourm    .   (no shield)
rNeg     . . .     Faith    .   d - +0 plate armour
rPois    .         Spirit   +   (no helmet)
rElec    .         Reflect  .   (no cloak)
rCorr    .         Harm     .   (no gloves)
MR       .....                  (no barding)
Stlth    ..........             b - amulet of guardian spirit
Regen    0.2/turn               (no ring)
MPRegen  0.1/turn               (no ring)

@: mighty, hasted and slowed, very quick
A: hooves 3, deformed body, speed 2, tough skin 3
a: Depart the Abyss, Renounce Religion


You were on level 2 of the Dungeon.
You worshipped Lugonu.
Lugonu was aware of your devotion.
You were not hungry.

You visited 1 branch of the dungeon, and saw 2 of its levels.
You visited the Abyss 1 time.

You collected 78 gold pieces.

Inventory:

Hand Weapons
 a - a +2 hand axe (weapon)
Armour
 d - a +0 plate armour (worn)
Jewellery
 b - an amulet of guardian spirit (around neck)
Scrolls
 e - a scroll of fear
 f - a scroll of recharging
Potions
 l - a potion of magic
Comestibles
 c - 2 bread rations
 k - 4 chunks of flesh
 o - a meat ration


   Skills:
 + Level 3.8 Fighting
 + Level 2.5 Axes
 * Level 2.2 Armour
 + Level 0.6 Dodging
 * Level 2.3 Invocations


You had 3 spell levels left.
You didn't know any spells.

Dungeon Overview and Level Annotations

Branches:
Dungeon (2/15)

Altars:

Annotations:
D:2 Natasha


Innate Abilities, Weirdness & Mutations

You have hooves in place of feet.
Armour fits poorly on your strangely shaped body.
You cover ground very quickly.
You have extremely tough skin. (AC +3)


Message History

Natasha zaps a wand.
The puff of flame hits you!
You closely miss Natasha. Your kick misses Natasha.
Natasha is moderately wounded.
Natasha casts a spell at you.
You feel yourself slow down. Natasha claws you.
You barely miss Natasha.
Natasha is moderately wounded.
Natasha mumbles some strange words.
You feel disoriented.
Natasha zaps a wand.
The puff of flame hits you!
* * * LOW HITPOINT WARNING * * *
It was a potion of might.
You feel very mighty all of a sudden.
Natasha casts a spell.
Natasha howls an incantation.
Natasha shimmers violently.
Natasha zaps a wand.
The puff of flame hits you!
* * * LOW HITPOINT WARNING * * *
You feel yourself speed up.
Natasha zaps a wand.
The puff of flame hits you!
You die...

########.#..#.#.####
#.............#.#
#.######.####.#.#
#####.....##......#.#
#........##########.#
#........# #.#
#........# #.#
#......†#######
###.####
######.@.......
..#.##..
#.....h.....##
#.#.##.#
#....[......# #.# #.#
#...5.......# #.# #..
#...........# #.# #..
#...........# #.# #..
#..[........# #.# #..
#...........#
#.#.##.. #†#.##..


You could see Natasha and a crimson imp.

Vanquished Creatures
  3 adders (D:2)
  2 oozes (D:1)
  2 dart slugs
  2 leopard geckos
  3 giant cockroaches
  5 goblins
  8 hobgoblins
  4 bats
  3 frilled lizards
  6 kobolds
  4 rats (D:1)
42 creatures vanquished.

Notes
Turn   | Place    | Note
-------+----------+-------------------------------------------
     0 | Abyss:1  | Gargoyl the Centaur Abyssal Knight began the quest for the Orb.
     0 | Abyss:1  | Reached XP level 1. HP: 19/19 MP: 2/2
    70 | Abyss:1  | Noticed a large abomination
    89 | Abyss:1  | Noticed a wretched star
    90 | D:1      | Escaped the Abyss
   384 | D:1      | Reached XP level 2. HP: 26/26 MP: 3/3
   593 | D:1      | Reached * piety under Lugonu
  1076 | D:1      | Reached XP level 3. HP: 30/31 MP: 4/4
  1657 | D:2      | Reached XP level 4. HP: 34/40 MP: 5/5
  1909 | D:2      | Noticed Natasha
  1924 | D:2      | Killed from afar by Natasha

Skill      XL: |  1  2  3 |
---------------+----------+-----
Axes           | 2 |  2.5
Armour         | 2 |  2.2
Fighting       | |  3.8
Dodging        | |  0.6
Invocations    | |  2.3

Action                   |  1- 3 |  4- 6 || total
-------------------------+-------+-------++-------
Melee: Hand axe          |   126 |    23 ||   149
       Kick              |    11 |     3 ||    14
Invok: Depart the Abyss  |     1 |       ||     1
  Use: Scroll            |       |    10 ||    10
       Potion            |       |     2 ||     2
  Eat: Chunk             |     2 |     1 ||     3
Armor: Plate armour      |   108 |    24 ||   132
Dodge: Dodged            |     5 |     3 ||     8
